AoeStats
← Jesulito123

Arena

512176017Analyzed
4v4 RM · 8d ago on Oct 8, 2026· 44m 9s· 8 players
Game mode
Random Map
Map size
Large (8 player)
Population
200
Speed
Normal
Resources
Standard
Victory
Conquest
Starting age
Dark Age
Ending age
Imperial Age
RankedLock teamsTeams togetherTeam positionsShared explorationLock speedFull tech treeHidden civsTurbo modeCheats
Victory
Defeat
🇨🇳 Mongols · China
1199
+10
🇨🇳 Magyars · China
1063
+16
🇨🇳 Byzantines · China
1036
+17
🇨🇳 Hindustanis · China
1020
+16
vs
🇨🇳 Varangians · China
1069
-15
🇪🇸 Japanese · Spain
1056
-15
🇨🇳 Cumans · China
1056
-15
🇨🇳 Burgundians · China
1040
-14
Jesulito123
3:19 Loom
11:02 Feudal Age
15:02 Castle Age
13:21 Horse Collar
13:46 Double-Bit Axe
16:10 Bow Saw
20:07 Stone Mining
22:19 Heavy Plow
24:27 Wheelbarrow
24:34 Gold Mining
27:11 Hand Cart
30:04 Imperial Age
27:32 Fletching
27:46 Town Watch
28:34 Forging
29:17 Gold Shaft Mining
30:26 Iron Casting
29:52 Scale Mail Armor
31:33 Conscription
31:14 Elite Samurai
33:21 Chain Mail Armor
36:19 Blast Furnace
35:49 Plate Mail Armor
kkols
9:51 Feudal Age
13:44 Castle Age
12:42 Double-Bit Axe
12:40 Horse Collar
15:26 Loom
21:14 Bow Saw
24:39 Wheelbarrow
29:03 Gold Mining
29:52 Bloodlines
35:02 Imperial Age
34:53 Scale Barding Armor
36:07 Husbandry
110
0:28 Loom
12:32 Feudal Age
11:30 Double-Bit Axe
11:55 Horse Collar
18:26 Castle Age
16:45 Heavy Plow
16:39 Gold Mining
18:31 Bow Saw
18:18 Stone Mining
18:41 Town Watch
19:29 Husbandry
19:37 Cavalier
25:09 Wheelbarrow
25:44 Scale Barding Armor
25:49 Forging
26:25 Fervor
31:40 Imperial Age
29:20 Fletching
29:11 Pikeman
29:51 Squires
30:44 Scale Mail Armor
32:46 Hand Cart
32:06 Halberdier
32:44 Flemish Revolution
伐木人
8:02 Loom
10:18 Feudal Age
11:32 Double-Bit Axe
14:26 Horse Collar
20:48 Castle Age
19:57 Wheelbarrow
20:03 Wheelbarrow
20:02 Forging
23:43 Bow Saw
24:01 Gold Mining
24:01 Stone Mining
26:00 Heavy Plow
26:48 Gold Shaft Mining
26:45 Hand Cart
29:17 Imperial Age
28:26 Iron Casting
27:57 Scale Barding Armor
29:11 Bloodlines
30:04 Steppe Husbandry
31:18 Blast Furnace
31:26 Two-Man Saw
30:06 Elite Steppe Lancer
30:56 Bloodlines
31:15 Conscription
32:03 Crop Rotation
32:31 Chain Barding Armor
TearsOfDisdain8
9:21 Feudal Age
10:51 Double-Bit Axe
13:41 Castle Age
12:01 Horse Collar
14:40 Bow Saw
14:35 Heavy Plow
24:15 Wheelbarrow
23:34 Stone Mining
24:24 Gold Mining
28:31 Imperial Age
25:47 Loom
26:21 Fletching
27:47 Stone Shaft Mining
27:49 Gold Shaft Mining
27:11 Bodkin Arrow
28:11 Padded Archer Armor
28:33 Ballistics
28:35 Elite Mangudai
30:29 Chemistry
29:33 Bracer
30:07 Conscription
30:28 Thumb Ring
30:25 Husbandry
31:36 Parthian Tactics
31:23 Bloodlines
30:42 Heavy Scorpion
31:44 Leather Archer Armor
30:53 Onager
32:45 Siege Engineers
32:03 Capped Ram
33:03 Murder Holes
33:19 Masonry
33:09 Siege Onager
34:55 Drill
34:45 Light Cavalry
35:31 Scale Barding Armor
35:36 Forging
35:31 Scale Barding Armor
35:47 Hand Cart
35:18 Town Watch
35:37 Siege Ram
39:58 Hussar
40:59 Chain Barding Armor
41:15 Iron Casting
43:50 Spies/Treason
JCUP
10:01 Feudal Age
10:59 Double-Bit Axe
13:51 Castle Age
12:36 Horse Collar
15:16 Bow Saw
19:51 Wheelbarrow
20:13 Heavy Plow
21:18 Gold Mining
22:51 Gold Shaft Mining
23:57 Forging
23:55 Scale Barding Armor
26:49 Imperial Age
24:05 Loom
25:37 Iron Casting
25:26 Husbandry
25:49 Bloodlines
26:04 Chain Barding Armor
26:55 Heavy Camel Rider
28:37 Blast Furnace
28:41 Plate Barding Armor
29:26 Conscription
29:32 Grand Trunk Road
29:49 Imperial Camel Rider
31:47 Hand Cart
33:35 Chemistry
32:24 Light Cavalry
34:14 Two-Man Saw
33:49 Hussar
35:21 Caravan
36:58 Padded Archer Armor
40:13 Shatagni
Yakamoon
11:09 Feudal Age
12:08 Double-Bit Axe
15:00 Castle Age
13:19 Horse Collar
21:29 Wheelbarrow
24:17 Gold Mining
25:27 Hand Cart
26:30 Gold Shaft Mining
25:47 Stone Mining
30:20 Imperial Age
30:22 Padded Archer Armor
30:14 Fletching
31:28 Bow Saw
32:00 Conscription
32:44 Chemistry
32:25 Leather Archer Armor
32:06 Bodkin Arrow
32:04 Treadmill Crane
34:07 Ring Archer Armor
34:34 Loom
36:10 Pikeman
36:51 Squires
38:00 Halberdier
40:49 Scale Mail Armor
40:59 Forging
44:01 Chain Mail Armor
44:22 Iron Casting
Freedom 341
10:26 Feudal Age
11:10 Double-Bit Axe
14:04 Castle Age
11:56 Horse Collar
15:06 Bow Saw
21:07 Gold Mining
22:13 Heavy Plow
23:39 Scale Barding Armor
24:17 Wheelbarrow
25:52 Hand Cart
28:30 Imperial Age
26:30 Husbandry
26:41 Bloodlines
26:20 Loom
27:09 Hand Cart
26:56 Stone Mining
27:58 Chain Barding Armor
27:47 Corvinian Army
29:08 Gold Shaft Mining
29:38 Conscription
30:03 Plate Barding Armor
30:58 Two-Man Saw
30:29 Crop Rotation
30:20 Thumb Ring
30:41 Parthian Tactics
30:21 Thumb Ring
30:48 Parthian Tactics
30:30 Treadmill Crane
31:10 Ballistics
30:40 Heavy Cavalry Archer
31:20 Fletching
31:32 Padded Archer Armor
31:45 Town Watch
32:00 Bodkin Arrow
33:35 Chemistry
32:56 Ballistics
33:23 Recurve Bow
34:13 Bracer
34:30 Leather Archer Armor
34:33 Elite Magyar Huszar
36:33 Ring Archer Armor
36:19 Masonry
40:18 Coinage
39:49 Caravan
39:56 Siege Engineers
39:47 Murder Holes
42:58 Scale Mail Armor
42:20 Pikeman
42:46 Arson
43:52 Spies/Treason
Connection lost

Rejoining the realm…

Still unreachable

The connection could not be restored.

Session expired

The server has moved on; the page needs a fresh start.